AoeStats
← 玉面狐狸

Black Forest

509557095Analyzed
4v4 RM · 5d ago on Sep 27, 2026· 47m 56s· 8 players
Game mode
Random Map
Map size
Large (8 player)
Population
200
Speed
Normal
Resources
Standard
Victory
Conquest
Starting age
Dark Age
Ending age
Imperial Age
RankedLock teamsTeams togetherTeam positionsShared explorationLock speedFull tech treeHidden civsTurbo modeCheats
Victory
Defeat
🇮🇳 Bohemians · India
1012
+11
🇨🇳 Maya · China
976
+12
🇨🇳 Mongols · China
971
+21
🇮🇳 Persians · India
960
+13
🇺🇸 Celts · United States
944
-14
🇲🇽 Ethiopians · Mexico
900
-12
🇯🇵 Maya · Japan
895
-12
🇲🇽 Khmer · Mexico
850
-11
lapizon
5:43 Loom
11:07 Feudal Age
12:44 Double-Bit Axe
19:34 Castle Age
17:31 Horse Collar
18:14 Stone Mining
18:27 Gold Mining
20:14 Heavy Plow
20:38 Bow Saw
22:50 Wheelbarrow
25:56 Husbandry
37:16 Imperial Age
35:04 Hand Cart
35:12 Tusk Swords
39:10 Gold Shaft Mining
39:11 Stone Shaft Mining
39:07 Crop Rotation
39:32 Forging
39:27 Scale Barding Armor
40:33 Pikeman
42:20 Iron Casting
41:45 Scale Mail Armor
41:58 Fletching
42:14 Halberdier
43:19 Bodkin Arrow
Lubuntu10.04LTS
0:26 Loom
13:12 Feudal Age
15:09 Double-Bit Axe
15:23 Stone Mining
17:49 Castle Age
16:40 Horse Collar
18:37 Fletching
19:19 Bodkin Arrow
24:13 Gold Mining
25:45 Heavy Plow
31:59 Imperial Age
30:22 Wheelbarrow
31:56 Hand Cart
32:17 Padded Archer Armor
32:18 Scale Mail Armor
36:36 Conscription
35:43 Pikeman
37:52 Bracer
38:07 Leather Archer Armor
43:19 Bow Saw
43:07 Eagle Warrior
43:33 Arson
43:49 Squires
43:10 Man-at-Arms
44:11 Chain Mail Armor
44:07 Forging
46:27 Stone Shaft Mining
guseshu
0:34 Loom
12:56 Feudal Age
13:54 Double-Bit Axe
16:55 Fishing Lines
19:04 Town Watch
20:52 Horse Collar
24:02 Castle Age
22:11 Gold Mining
24:10 Fletching
24:08 Crossbowman
26:45 Thumb Ring
28:31 Gillnets
29:20 Ballistics
30:06 Gold Shaft Mining
29:42 Bow Saw
30:54 Bodkin Arrow
31:00 Padded Archer Armor
31:51 Elite Skirmisher
36:54 Imperial Age
37:06 Onager
37:28 Arbalester
39:38 Conscription
S1lv3r81
12:52 Feudal Age
16:48 Castle Age
14:44 Double-Bit Axe
15:09 Horse Collar
15:53 Loom
20:29 Wheelbarrow
19:46 Town Watch
22:27 Bow Saw
25:59 Gold Mining
27:18 Stone Mining
28:16 Heavy Plow
31:50 Imperial Age
29:21 Pikeman
29:46 Arson
30:16 Forging
30:37 Hand Cart
31:07 Ballistics
30:45 Murder Holes
31:45 Gold Shaft Mining
31:47 Stone Shaft Mining
31:56 Onager
34:21 Siege Onager
36:57 Chemistry
37:05 Furor Celtica
37:17 Conscription
37:04 Scale Mail Armor
38:09 Iron Casting
38:09 Stronghold
38:56 Hoardings
38:57 Chain Mail Armor
40:56 Halberdier
玉面狐狸
0:47 Loom
11:51 Feudal Age
16:12 Castle Age
14:07 Double-Bit Axe
15:08 Horse Collar
17:12 Bow Saw
22:26 Heavy Plow
23:34 Wheelbarrow
24:10 Gold Mining
25:14 Hand Cart
25:34 Stone Mining
29:55 Imperial Age
28:30 Stone Shaft Mining
28:24 Ballistics
27:56 Fletching
28:52 Bodkin Arrow
29:12 Fortified Wall
29:24 Padded Archer Armor
30:16 Thumb Ring
30:01 Crossbowman
30:47 Bracer
31:03 Leather Archer Armor
31:50 Chemistry
31:53 Conscription
31:04 Arbalester
33:13 Ring Archer Armor
33:23 Onager
34:47 Treadmill Crane
35:04 Murder Holes
35:29 Scale Mail Armor
35:39 Forging
36:11 Hoardings
36:39 Capped Ram
37:56 Chain Mail Armor
38:16 Iron Casting
37:51 Siege Ram
45:16 Coinage
13122
10:11 Feudal Age
10:44 Double-Bit Axe
17:36 Castle Age
17:07 Stone Mining
17:10 Loom
17:32 Fletching
17:44 Padded Archer Armor
18:33 Bow Saw
17:59 Pikeman
20:19 Wheelbarrow
20:49 Horse Collar
21:07 Gold Mining
23:43 Hand Cart
23:15 Town Watch
24:09 Heavy Plow
27:01 Stone Shaft Mining
27:01 Gold Shaft Mining
30:17 Imperial Age
28:10 Loom
29:48 Ballistics
29:30 Bodkin Arrow
30:01 Leather Archer Armor
30:59 Squires
31:08 Bracer
33:22 Chemistry
32:46 Thumb Ring
34:00 Conscription
33:41 Nomads
34:14 Sappers
35:20 Hoardings
36:59 Masonry
38:15 Elite Mangudai
39:52 Scale Barding Armor
39:41 Onager
41:52 Siege Onager
44:14 Elite Skirmisher
44:25 Elite Mangudai
46:33 Drill
快乐的小跑
11:45 Feudal Age
18:20 Castle Age
21:39 Fortified Wall
23:57 Fletching
28:10 Bodkin Arrow
28:07 Loom
31:05 Masonry
32:21 Chemistry
32:08 Horse Collar
32:24 Double-Bit Axe
39:14 Imperial Age
44:56 Houfnice
47:23 Bracer
kwik
4:12 Loom
11:57 Feudal Age
17:10 Castle Age
15:55 Double-Bit Axe
15:53 Horse Collar
17:53 Bow Saw
17:48 Heavy Plow
24:07 Wheelbarrow
25:34 Hand Cart
25:05 Town Watch
25:30 Stone Mining
25:30 Gold Mining
31:18 Imperial Age
28:49 Town Patrol
28:55 Scale Barding Armor
29:59 Stone Shaft Mining
30:00 Gold Shaft Mining
29:39 Forging
30:36 Chain Barding Armor
30:19 Devotion
30:15 Herbal Medicine
30:43 Ballistics
30:19 Murder Holes
30:35 Masonry
31:35 Iron Casting
31:00 Elite War Elephant
31:53 Citadels
33:24 Plate Barding Armor
34:00 Conscription
34:40 Hoardings
36:01 Blast Furnace
34:37 Onager
37:14 Chemistry
38:58 Faith
Connection lost

Rejoining the realm…

Still unreachable

The connection could not be restored.

Session expired

The server has moved on; the page needs a fresh start.